 Dungeon Crawl Stone Soup version 0.30-a0-782-ge64f9170bb (webtiles) character file.

Game seed: 9935392012157437996

44 theswoord the Chopper (level 3, 0/27 HPs)
             Began as a Demonspawn Gladiator on Feb 20, 2023.
             Succumbed to an adder's poison
             ... on level 2 of the Dungeon.
             The game lasted 00:02:15 (1159 turns).

theswoord the Chopper (Demonspawn Gladiator)        Turns: 1159, Time: 00:02:16

Health: 0/27       AC:  4    Str: 16    XL:     3   Next: 41%
Magic:  3/3        EV: 12    Int:  9    God:
Gold:   87         SH:  0    Dex: 14    Spells: 2/2 levels left

rFire   . . .      SeeInvis .    a - +0 war axe
rCold   . . .      Faith    .    (no shield)
rNeg    . . .      Spirit   .    b - +0 leather armour
rPois   .          Reflect  .    c - +0 helmet
rElec   .          Harm     .    (no cloak)
rCorr   .          Rampage  .    (no gloves)
Will    .....                    (no boots)
Stlth   +                        (no amulet)
HPRegen 0.24/turn                (no ring)
MPRegen 0.08/turn                (no ring)

@: lethally poisoned (0 -> -2)
A: spiny 1
a: no special abilities


You were on level 2 of the Dungeon.
You visited 1 branch of the dungeon, and saw 2 of its levels.

You collected 87 gold pieces.

Inventory:

Hand Weapons
 a - a +0 war axe (weapon)
Missiles
 d - 3 throwing nets (quivered)
 e - a javelin
Armour
 b - a +0 leather armour (worn)
 c - a +0 helmet (worn)
Scrolls
 h - a scroll of identify
 l - a scroll of noise {unknown}
Potions
 f - a potion of ambrosia
 g - a potion of resistance {unknown}
 i - 3 potions of might {unknown}
 k - a potion of curing {unknown}
 m - a potion of haste {unknown}


   Skills:
 - Level 2.0 Fighting
 + Level 4.1 Axes
 - Level 1.7 Throwing
 - Level 2.6 Dodging


You had 2 spell levels left.
You didn't know any spells.
Your spell library contained the following spells:

 Spells                   Type           Power      Damage    Failure   Level
 Freeze                   Ice            0%         1d3       45%         1
 Magic Dart               Conj           0%         1d3       45%         1
 Searing Ray              Conj           0%         2d4       58%         2
 Frozen Ramparts          Ice            0%         1d1       83%         3
 Hailstorm                Conj/Ice       0%         3d3       83%         3
 Fulminant Prism          Conj/Hex       0%         3d5       99%         4


Dungeon Overview and Level Annotations

Branches:
Dungeon (2/15)

Altars:


Innate Abilities, Weirdness & Mutations

You are partially covered in sharp spines.


Message History

You open the door.
An adder comes into view.
An adder is nearby!
An adder is nearby!
As you read the scroll labelled VIGINA VEOGIECU, it crumbles to dust.
Your body is wracked with pain!
The adder convulses!
The adder hisses angrily.
It was a scroll of torment.
An adder comes into view.
There is an open door here.
You hit the adder but do no damage. The adder misses you.
You closely miss the adder.
The adder hisses angrily.
The adder bites you but does no damage. The adder barely misses you.
You miss the adder. The adder bites you.
You are poisoned.
The adder poisons you! The adder is struck by your spines.
The adder bites you but does no damage.
You closely miss the adder.
You feel sick. The adder bites you but does no damage.
You barely miss the adder.
You feel sick. The adder bites you.
* * * LOW HITPOINT WARNING * * *
You are more poisoned.
The adder poisons you! The adder is struck by your spines.
The adder bites you but does no damage. The adder misses you.
You barely miss the adder. You miss the adder.
You feel sick. The adder barely misses you. The adder closely misses you.
The adder bites you but does no damage. x2
You closely miss the adder. You hit the adder.
You feel sick. The adder bites you but does no damage.
The adder is struck by your spines. The adder bites you.
* * * LOW HITPOINT WARNING * * *
The adder is struck by your spines. The adder closely misses you.
The adder barely misses you.
You barely miss the adder. x2; You feel sick.
The adder is struck by your spines. The adder bites you.
* * * LOW HITPOINT WARNING * * *
The adder closely misses you.
You barely miss the adder. You hit the adder.
You die...

#........#.##.......#
#..###.#.#.######.###
#. ###.#.#.# #.#
#..#...#.#.# #+##
#..........# #...#
#....###...# #.....
#....##....# #......
#..(.......##S......
.............@S.....^
#####.##....###.......
#. ##.#.# #...... #.
#.#<# #..... ....#
#...# ##.### #+##


You could see 2 adders.

Vanquished Creatures
  A gnoll (D:1)
  A dart slug (D:1)
  5 endoplasms
  3 hobgoblins
  5 ball pythons
  3 bats
  2 frilled lizards (D:1)
  4 goblins
  5 kobolds (D:1)
  4 rats
33 creatures vanquished.

Notes
Turn   | Place    | Note
-------+----------+-------------------------------------------
     0 | D:1      | theswoord the Demonspawn Gladiator began the quest for the
                  | Orb.
     0 | D:1      | Reached XP level 1. HP: 16/16 MP: 1/1
   162 | D:1      | Reached skill level 3 in Axes
   172 | D:1      | Gained mutation: You are partially covered in sharp spines.
                  | [demonic ancestry]
   172 | D:1      | Reached XP level 2. HP: 19/22 MP: 2/2
   468 | D:1      | Reached XP level 3. HP: 27/27 MP: 3/3
   657 | D:1      | Reached skill level 4 in Axes
   933 | D:2      | Found a faded altar of an unknown god.
  1159 | D:2      | Succumbed to an adder's poison

Skill      XL: |  1  2  3 |
---------------+----------+-----
Axes           | 3 4 |  4.1
Fighting       | |  2.0
Throwing       | |  1.7
Dodging        | |  2.6

Action                     || total
---------------------------++-------
  Melee: War axe           ||    60
  Throw: Throwing net      ||     1
    Use: Scroll            ||     2
 Armour: Leather armour    ||    15
  Dodge: Dodged            ||    29

Levels and vault maps discovered:
D:1:      heliophobic_arrival_enchanted_forest, layout_loops_ring
D:2:      layout_loops_corners, chequers_ecumenical_altar_simple_redux,
          kennysheep_generic_room_12
